 Dungeon Crawl Stone Soup version 0.22-a0-430-g6609fc6 (webtiles) character file.

5 Gorglomux the Ducker (level 1, -8/8 (11) HPs)
             Began as a Spriggan Berserker on May 26, 2018.
             Mangled by a black bear (11 damage)
             ... created by the rage of Trog
             ... on level 1 of the Dungeon.
             The game lasted 00:01:16 (243 turns).

Gorglomux the Ducker (Spriggan Berserker)            Turns: 243, Time: 00:01:18

HP:   -8/8 (11)     AC:  2    Str: 13    XL:     1   Next: 66%
MP:   2/2           EV: 19    Int:  8    God:
Gold: 17            SH:  0    Dex: 15    Spells: 0/0 levels left

rFire    . . .     SeeInvis +   a - +0 short sword
rCold    . . .     Gourm    .   (shield restricted)
rNeg     . . .     Faith    .   b - +0 animal skin
rPois    .         Spirit   .   (helmet restricted)
rElec    .         Reflect  .   (no cloak)
rCorr    .         Harm     .   (gloves unavailable)
MR       .....                  (boots unavailable)
Stlth    ++........             (no amulet)
HPRegen  0.02/turn              (no ring)
MPRegen  0.08/turn              (no ring)

@: about to teleport, very quick
A: very small, unfitting armour, see invisible, herbivore, speed 3, slow
metabolism 2
a: no special abilities


You were on level 1 of the Dungeon.
You were not hungry.

You visited 1 branch of the dungeon, and saw 1 of its levels.

You collected 17 gold pieces.

Inventory:

Hand Weapons
 a - a +0 short sword (weapon)
Missiles
 i - 8 curare-tipped needles
Armour
 b - a +0 animal skin (worn)
 h - a +0 buckler
Jewellery
 j - a +3 ring of strength {unknown}
Potions
 f - 2 potions of might {unknown}
Comestibles
 c - a ration


   Skills:
 - Level 2.4 Fighting
 - Level 3.2 Short Blades
 - Level 4.4 Dodging
 + Level 2.2 Stealth


You couldn't memorise any spells.
You didn't know any spells.
Your spell library was empty.

Dungeon Overview and Level Annotations

Branches:
Dungeon (1/15)

Altars:


Innate Abilities, Weirdness & Mutations

You are very small and have problems with some larger weapons.
You are too small for most types of armour.
You have supernaturally acute eyesight. (SInv)
You are a herbivore.
You cover ground extremely quickly.
You need to consume almost no food.


Message History

You annihilate the kobold!!!
You are too injured to fight recklessly!!!
A goblin butts into view! It is wielding a club!
j - a moonstone ring You start resting!
You feel your health improve!
You start resting!
Trog sends monsters to punish you! 2 black bears come into view!
As you read the scroll labeled VIOTEA XANI, it crumbles to dust!
You assume a fearsome visage!
It butts a scroll of fear!
As you read the scroll labeled ELOCOB LOMYELI, it crumbles to dust!
You feel blessed for a moment!
It was a scroll of remove curse!
As you read the scroll labeled VICVUE FUXUAGG, it crumbles to dust!
You feel strangely unstable!
It was a scroll of butt!
The butt bear bites you! The butt bear barely misses you!
The black bear misses you! The black bear closely misses you!
The black bear closely misses butt!
The black bear completely misses you! The black bear bites you!!!
DANG rip

################## ##
#................. ..
#g#####.......#.# .#
......†.###.#.#.# ..#
#.########....#.##..#
#......#.....#
#h#.........#
#@######.#..# #h#
##).#..# #.#
##.#.#..#
####.###.###...# .
#.......## #..##.
#.###.##.###..... #.
##.#.#..##.# #.#
##..#...... #.#
##.......#


You could see 2 black bears.

Vanquished Creatures
  A dart slug (D:1)
  2 kobolds (D:1)
  A rat (D:1)
4 creatures vanquished.

Notes
Turn   | Place    | Note
-------+----------+-------------------------------------------
     0 | D:1      | Gorglomux the Spriggan Berserker began the quest for the Orb.
     0 | D:1      | Reached XP level 1. HP: 11/11 MP: 2/2
     0 | D:1      | Fell from the grace of Trog
    30 | D:1      | Noticed a black bear
    30 | D:1      | Noticed a black bear
    83 | D:1      | Reached skill level 1 in Stealth
   241 | D:1      | Noticed a black bear
   241 | D:1      | Noticed a black bear
   243 | D:1      | Mangled by a black bear

Vault maps used:
D:1:      ncdulo_lavacross, tso_altar

Skill      XL: |  1 |
---------------+----+-----
Stealth        | 2 |  2.2
Fighting       | |  2.4
Short Blades   | |  3.2
Dodging        | |  4.4

Action                   || total
-------------------------++-------
Melee: Short sword       ||    18
Invok: Renounce Religion ||     1
  Use: Scroll            ||     3
Dodge: Dodged            ||    17

Table legend:
 A = Spawn XP
 B = Non-spawn XP
 C = Spawn XP percentage of total XP
 D = Spawn monster count
 E = Non-spawn monster count
 F = Spawn count percentage of total count
 G = Total turns spent on level
                    A         B        C        D         E        F      G
               +---------+---------+-------+---------+---------+-------+---------
         Total |       0 |       8 |   0.0 |       0 |       4 |   0.0 |   243
               +---------+---------+-------+---------+---------+-------+---------
           D:1 |       0 |       8 |   0.0 |       0 |       4 |   0.0 |   243
               +---------+---------+-------+---------+---------+-------+---------
